 Dungeon Crawl Stone Soup version 0.28.0-53-g5a82cb258f (webtiles) character file.

Game seed: 5050910824249240286

438 SolCadguy the Digger (level 7, 0/36 HPs)
             Began as a Gargoyle Earth Elementalist on July 4, 2022.
             Slain by Duvessa
             ... wielding a +2 short sword of flaming
              (14 damage)
             ... on level 5 of the Dungeon.
             The game lasted 00:14:11 (4781 turns).

SolCadguy the Digger (Gargoyle Earth Elementalist)  Turns: 4781, Time: 00:14:14

Health: 0/36       AC: 10    Str:  9 (11) XL:     7   Next: 1%
Magic:  3/10       EV: 11    Int: 17 (18) God:
Gold:   91         SH:  0    Dex:  7 (10) Spells: 5/11 levels left

rFire   . . .      SeeInvis .   e - +0 whip
rCold   . . .      Faith    .   (no shield)
rNeg    + . .      Spirit   .   h - +0 leather armour
rPois   ∞          Reflect  .   q - +0 helmet
rElec   +          Harm     .   f - scarf {+Inv}
rCorr   .          Rampage  .   (no gloves)
Will    .....                   s - +0 pair of boots
Stlth   +.........              (no amulet)
HPRegen 0.12/turn               (no ring)
MPRegen 0.12/turn               (no ring)

@: no status effects
A: sickness immunity, AC +4, negative energy resistance 1, electricity
resistance, torment resistance 1, petrification resistance
a: Evoke Invisibility


You were on level 5 of the Dungeon.
You visited 1 branch of the dungeon, and saw 5 of its levels.

You collected 115 gold pieces.
You spent 24 gold pieces at shops.

Inventory:

Hand Weapons
 d - a +0 flail
 e - a +0 whip (weapon)
 g - a +0 short sword
 i - a +0 dagger
 j - a +0 spear
 x - a +0 mace
 y - a +1 dagger of holy wrath
Missiles
 c - 112 stones
 k - 5 boomerangs
 o - 2 javelins
 z - 2 poisoned darts
Armour
 b - a +0 robe
 f - a scarf of invisibility (worn)
 h - a +0 leather armour (worn)
 l - a +0 ring mail
 q - a +0 helmet (worn)
 s - a +0 pair of boots (worn)
Scrolls
 m - a scroll of teleportation {unknown}
 n - 2 scrolls of brand weapon {unknown}
 r - a scroll of silence {unknown}
 t - a scroll of identify
 u - a scroll of holy word {unknown}
 v - a scroll of vulnerability {unknown}
Potions
 a - a potion of flight


   Skills:
 - Level 2.0 Armour
 - Level 1.5 Dodging
 - Level 2.1 Stealth
 + Level 2.5 Spellcasting
 + Level 4.0 Conjurations
 - Level 0.7 Transmutations
 - Level 7.1 Earth Magic


You had 5 spell levels left.
You knew the following spells:

 Your Spells              Type           Power      Damage    Failure   Level
a - Sandblast             Erth           52%        2d12      1%          1
b - Passwall              Tmut/Erth      12%        N/A       8%          2
c - Stone Arrow           Conj/Erth      42%        3d9       8%          3

Your spell library contained the following spells:

 Spells                   Type           Power      Damage    Failure   Level
 Slow                     Hex            8%         N/A       26%         1
 Summon Small Mammal      Summ           8%         N/A       26%         1
 Dazzling Flash           Conj/Hex       18%        N/A       32%         3
 Petrify                  Tmut/Erth      15%        N/A       45%         4
 Call Canine Familiar     Summ           2%         N/A       58%         3
 Confusing Touch          Hex            2%         N/A       58%         3
 Summon Guardian Golem    Hex/Summ       2%         N/A       58%         3
 Vampiric Draining        Necr           2%         2d6       58%         3
 Iskenderun's Mystic Bla  Conj/Tloc      9%         2d4       73%         4
 Starburst                Conj/Fire      4%         6d4       100%        6
 Orb of Destruction       Conj           7%         9d6       100%        7
 Spellforged Servitor     Conj/Summ      4%         N/A       100%        7


Dungeon Overview and Level Annotations

Branches:
Dungeon (5/15)
 Temple: D:4-7

Altars:
Kikubaaqudgha
Wu Jian
Xom
The Shining One

Shops:
D:1 *   D:4 !

Annotations:
D:5 Duvessa


Innate Abilities, Weirdness & Mutations

You are immune to sickness and miasma.
Your stone body is resilient. (AC +4)
You are immune to poison.
You resist negative energy. (rN+)
You are resistant to electric shocks. (rElec)
You are resistant to unholy torment.
You are immune to petrification.


Message History

Okay, then.
Casting: Stone Arrow (dangerous; 7% risk of failure)
Confirm with . or Enter, or press ? or * to list all spells.
You can't see any susceptible monsters within range! (Use Z to cast anyway.)
Casting: Stone Arrow (dangerous; 7% risk of failure)
Confirm with . or Enter, or press ? or * to list all spells.
Aiming: Stone Arrow (dangerous; 7% risk of failure)
Press: ? - help, Shift-Dir - straight line, f - Duvessa
Aim: Duvessa, wielding a +2 short sword of flaming and wearing a +0 ring mail (berserk, 79% to hit)
The stone arrow misses Duvessa.
Duvessa rages.
Casting: Stone Arrow (dangerous; 7% risk of failure)
Confirm with . or Enter, or press ? or * to list all spells.
Aiming: Stone Arrow (dangerous; 7% risk of failure)
Press: ? - help, Shift-Dir - straight line, f/p - Duvessa
Aim: Duvessa, wielding a +2 short sword of flaming and wearing a +0 ring mail (berserk, 79% to hit)
The stone arrow hits Duvessa!
Duvessa is lightly wounded.
Duvessa hits you with a +2 short sword of flaming!
Duvessa burns you!
It was a potion of degeneration.
There was something very wrong with that liquid.
You feel weakened.
You feel dopey.
You feel clumsy.
Duvessa hits you with a +2 short sword of flaming.
* * * LOW HITPOINT WARNING * * *
Duvessa burns you.
* * * LOW HITPOINT WARNING * * *
It was a potion of heal wounds.
You feel much better.
Duvessa hits you with a +2 short sword of flaming.
Duvessa burns you.
Duvessa hits you with a +2 short sword of flaming!
Duvessa burns you.
Casting: Stone Arrow (dangerous; 8% risk of failure)
Confirm with . or Enter, or press ? or * to list all spells.
Aiming: Sandblast (safe; 1% risk of failure)
Press: ? - help, Shift-Dir - straight line, f/p - Duvessa
Aim: Duvessa, wielding a +2 short sword of flaming and wearing a +0 ring mail (lightly wounded, berserk, 86% to hit)
The blast of sand misses Duvessa.
Duvessa hits you with a +2 short sword of flaming!
You die...

### #.# ####.# ####....#
#####....##.######
#........##......#
#.#._.#.....####.####
##### #...@...###.#
#......
#..<####..e#######.#
#...... ......#e§.#....#
....# #...... .....
#.#.#....###.#######......
.... ..#.......[...#
.......... ..(
##........###..#
####...... #. #.........
.# #...... # #.........# #
#...... #########..
#######


You could see Duvessa (berserk).

Vanquished Creatures
  2 necrophages (D:3)
  Dowan (D:5)
  2 hounds (D:4)
  An orc wizard (D:3)
  A hound skeleton (D:4)
  A gnoll (D:1)
  6 adders
  An adder skeleton (D:4)
  A worm (D:2)
  2 dart slugs
  6 orcs
  3 endoplasms
  4 giant cockroaches
  4 goblins
  2 hobgoblins
  3 jackals (D:1)
  2 kobolds (D:1)
  2 quokkas (D:4)
  4 ball pythons
  3 bats
  2 frilled lizards
  8 rats
61 creatures vanquished.

Notes
Turn   | Place    | Note
-------+----------+-------------------------------------------
     0 | D:1      | SolCadguy the Gargoyle Earth Elementalist began the quest
                  | for the Orb.
     0 | D:1      | Reached XP level 1. HP: 10/10 MP: 3/3
   235 | D:1      | Found a faded altar of an unknown god.
   403 | D:1      | Reached skill level 4 in Earth Magic
   541 | D:1      | Reached XP level 2. HP: 15/15 MP: 3/5
   715 | D:1      | Found Toad's General Store.
   720 | D:1      | Bought a scroll of identify for 24 gold pieces
  1283 | D:1      | Learned a level 2 spell: Passwall
  1330 | D:2      | Reached XP level 3. HP: 19/19 MP: 4/6
  1462 | D:2      | Reached skill level 5 in Earth Magic
  1615 | D:2      | Learned a level 3 spell: Stone Arrow
  1624 | D:2      | Reached XP level 4. HP: 24/24 MP: 5/7
  1808 | D:2      | Found an ancient bone altar of Kikubaaqudgha.
  1881 | D:2      | You fall into a shaft and drop 1 floor!
  1893 | D:3      | Noticed a necrophage
  1937 | D:2      | Reached skill level 1 in Conjurations
  1937 | D:2      | Reached skill level 6 in Earth Magic
  2727 | D:3      | Killed a necrophage
  2728 | D:3      | Reached XP level 5. HP: 28/28 MP: 3/8
  3302 | D:3      | Noticed a necrophage
  3319 | D:3      | Killed a necrophage
  3320 | D:3      | Reached skill level 1 in Armour
  3320 | D:3      | Reached skill level 7 in Earth Magic
  3320 | D:3      | Reached XP level 6. HP: 32/32 MP: 3/9
  3786 | D:4      | Found an ornate altar of the Wu Jian Council.
  4333 | D:4      | Found Maddazer's Distillery.
  4583 | D:5      | Entered Level 5 of the Dungeon
  4598 | D:5      | Found a glowing golden altar of the Shining One.
  4636 | D:5      | Noticed Dowan
  4637 | D:5      | Noticed Duvessa
  4724 | D:5      | Found a shimmering altar of Xom.
  4740 | D:5      | Killed Dowan
  4741 | D:5      | Reached XP level 7. HP: 36/36 MP: 6/10
  4781 | D:5      | Slain by Duvessa

Illustrated notes

Levels and vault maps discovered:
D:1:      ncdulo_halloftheorcs, layout_loops_corners, serial_shops,
          nicolae_shop_hallway_stairs, ebering_ecumenical_altar_sacrificial
D:2:      layout_basic, basic_altar
D:3:      layout_loops_corners
D:4:      layout_gridville, nicolae_wu_jian_wuxing_cycle, serial_shops,
          kennysheep_mini
D:5:      layout_basic, tso_metal_star, mainiacjoe_overflow_tiny_flanked,
          minmay_temple_entry_ruins, uniq_eustachio, uniq_crazy_yiuf_cottage,
          uniq_duvessa

Skill      XL: |  1  2  3  4  5  6 |
---------------+-------------------+-----
Earth Magic    | 4 5 6 7 |  7.1
Conjurations   | 2 3 4 |  4.0
Armour         | 1 2 |  2.0
Dodging        | |  1.5
Stealth        | |  2.1
Spellcasting   | |  2.5
Transmutations | |  0.7

Action                   |  1- 3 |  4- 6 |  7- 9 || total
-------------------------+-------+-------+-------++-------
Melee: Whip              |    28 |    81 |       ||   109
       Punch             |       |     1 |       ||     1
 Cast: Sandblast         |    26 |    32 |     1 ||    59
       Stone Arrow       |       |     5 |     2 ||     7
  Use: Scroll            |       |     2 |       ||     2
       Potion            |       |     1 |     2 ||     3
 Stab: Sleeping          |     2 |     1 |       ||     3
Armor: Robe              |     3 |       |       ||     3
       Leather armour    |     3 |    33 |       ||    36
Dodge: Dodged            |    21 |    37 |       ||    58
